NCAA
UCLA BRUINS @ ALABAMA CRIMSON TIDE
04/29/2027
 
TOP OF THE 1ST
UCLA Bruins batting - Pitching for Alabama Crimson Tide : RHP Claude Cunningham
Pitching: RHP Claude Cunningham
Batting: LHB Tim Griffith 0-0: Called Strike
0-1: Ball
1-1: Ball
2-1: SINGLE (Groundball, 23) (infield hit)
Batting: RHB Ricardo Murillo 0-0: Called Strike
0-1: Called Strike
0-2: Ball
1-2: Foul Ball, location: 2F
1-2: Foul Ball, location: 2F
1-2: Ball
2-2: SINGLE (Groundball, 6M) (infield hit)
Tim Griffith to second
Batting: RHB José Soto 0-0: Called Strike
0-1: Fly out, F8 (Flyball, 8LS)
Batting: RHB Kevin Cochrane 0-0: Ball
1-0: Foul Ball, location: 2F
1-1: Foul Ball, location: 2F
1-2: Grounds into double play, 4-6-3 (Groundball, 4)
Top of the 1st over - 0 run(s), 2 hit(s), 0 error(s), 1 left on base; UCLA 0 - Alabama 0
BOTTOM OF THE 1ST
Alabama Crimson Tide batting - Pitching for UCLA Bruins : RHP Stanton Jensen
Pitching: RHP Stanton Jensen
Batting: RHB William Robinson 0-0: Called Strike
0-1: TRIPLE (Line Drive, 89M)
Batting: RHB Kyle McIntyre 0-0: Ball
1-0: Ball
2-0: Ball
3-0: Called Strike
3-1: Ground out U3 (Groundball, 3)
Batting: SHB Jorge Dávila 0-0: Ball
1-0: Foul Ball, location: 2F
1-1: Foul Ball, location: 2F
1-2: Fly out, F7 (Flyball, 7)
Runner from 3rd tags up, SCORES, no throw
Batting: RHB Stephen Nava 0-0: Ball
1-0: Called Strike
1-1: Swinging Strike
1-2: Foul Ball, location: 2F
1-2: Strikes out swinging
Bottom of the 1st over - 1 run(s), 1 hit(s), 0 error(s), 0 left on base; UCLA 0 - Alabama 1
TOP OF THE 2ND
UCLA Bruins batting - Pitching for Alabama Crimson Tide : RHP Claude Cunningham
Batting: LHB Edward Norton 0-0: Ground out 1-3 (Groundball, P)
Batting: RHB Joel Hebert 0-0: Called Strike
0-1: Ball
1-1: Ball
2-1: Ground out U3 (Groundball, 34)
Batting: LHB Manny Kennedy 0-0: Ball
1-0: Swinging Strike
1-1: Ball
2-1: Called Strike
2-2: Strikes out swinging
Top of the 2nd over - 0 run(s), 0 hit(s), 0 error(s), 0 left on base; UCLA 0 - Alabama 1
BOTTOM OF THE 2ND
Alabama Crimson Tide batting - Pitching for UCLA Bruins : RHP Stanton Jensen
Batting: SHB Rubén Valle 0-0: Ball
1-0: Called Strike
1-1: Ball
2-1: Foul Ball, location: 2F
2-2: Ball
3-2: Base on Balls
Batting: LHB Tom York 0-0: Fly out, F7 (Flyball, 78M)
Batting: LHB Jorge Rivera 0-0: Ball
1-0: Swinging Strike
1-1: Called Strike
1-2: Fly out, F7 (Flyball, 78S)
Batting: RHB Scott Graves 0-0: Called Strike
0-1: Ball
1-1: Ball
2-1: Foul Ball, location: 2F
2-2: Ball
3-2: SINGLE (Line Drive, 89M)
Rubén Valle to second
Rubén Valle to third
Batting: LHB Chris White 0-0: Called Strike
0-1: Foul Ball, location: 2F
0-2: Ball
1-2: Foul Ball, location: 2F
1-2: Foul Ball, location: 2F
1-2: Ball
2-2: Ball
3-2: 3-RUN HOME RUN (Flyball, 9D), Distance : 345 ft
Batting: RHB William Robinson 0-0: Swinging Strike
0-1: Called Strike
0-2: Foul Ball, location: 2F
0-2: Ball
1-2: Ball
2-2: Ball
3-2: Foul Ball, location: 2F
3-2: Strikes out looking
Bottom of the 2nd over - 3 run(s), 2 hit(s), 0 error(s), 0 left on base; UCLA 0 - Alabama 4
TOP OF THE 3RD
UCLA Bruins batting - Pitching for Alabama Crimson Tide : RHP Claude Cunningham
Batting: RHB John Pineau 0-0: Ball
1-0: Called Strike
1-1: Ball
2-1: Foul Ball, location: 2F
2-2: Ball
3-2: Foul Ball, location: 2F
3-2: Base on Balls
Batting: RHB Chad Walter 0-0: Swinging Strike
0-1: Ball
1-1: Ball
2-1: Called Strike
2-2: Strikes out swinging
Batting: LHB Tim Griffith 0-0: Called Strike
0-1: Ball
1-1: Fly out, F3 (Line Drive, 3)
Lined into DP, U3 (Line Drive, 3)
Top of the 3rd over - 0 run(s), 0 hit(s), 0 error(s), 0 left on base; UCLA 0 - Alabama 4
BOTTOM OF THE 3RD
Alabama Crimson Tide batting - Pitching for UCLA Bruins : RHP Stanton Jensen
Batting: RHB Kyle McIntyre 0-0: Ball
1-0: Called Strike
1-1: Ball
2-1: Fly out, F9 (Flyball, 89M)
Batting: SHB Jorge Dávila 0-0: Fly out, F8 (Flyball, 8LD)
Batting: RHB Stephen Nava 0-0: Called Strike
0-1: Ball
1-1: Foul Ball, location: 2F
1-2: Foul Ball, location: 2F
1-2: Ball
2-2: Ball
3-2: Ground out 5-3 (Groundball, 5L)
Bottom of the 3rd over - 0 run(s), 0 hit(s), 0 error(s), 0 left on base; UCLA 0 - Alabama 4
TOP OF THE 4TH
UCLA Bruins batting - Pitching for Alabama Crimson Tide : RHP Claude Cunningham
Batting: RHB Ricardo Murillo 0-0: Ball
1-0: Called Strike
1-1: Fly out, F9 (Flyball, 89M)
Batting: RHB José Soto 0-0: Called Strike
0-1: Foul Ball, location: 2F
0-2: Fly out, F7 (Line Drive, 78M)
Batting: RHB Kevin Cochrane 0-0: Foul Ball, location: 2F
0-1: Foul Ball, location: 2F
0-2: Ball
1-2: Strikes out swinging
Top of the 4th over - 0 run(s), 0 hit(s), 0 error(s), 0 left on base; UCLA 0 - Alabama 4
BOTTOM OF THE 4TH
Alabama Crimson Tide batting - Pitching for UCLA Bruins : RHP Stanton Jensen
Batting: SHB Rubén Valle 0-0: Ball
1-0: Foul Ball, location: 2F
1-1: Foul Ball, location: 2F
1-2: Ball
2-2: Fly out, F7 (Flyball, 7S)
Batting: LHB Tom York 0-0: Called Strike
0-1: Ball
1-1: Ball
2-1: Ball
3-1: Base on Balls
Batting: LHB Jorge Rivera 0-0: Ball
1-0: Swinging Strike
1-1: Ball
2-1: Fly out, F9 (Flyball, 9LMF)
Batting: RHB Scott Graves 0-0: Ball
1-0: Ball
2-0: Foul Ball, location: 2F
2-1: Foul Ball, location: 2F
2-2: Ball
3-2: Base on Balls
Tom York to second
Pitching: RHP Clifton Davis
Batting: LHB Chris White 0-0: Called Strike
0-1: Ball
1-1: Ball
2-1: Ball
3-1: Foul Ball, location: 2F
3-2: Foul Ball, location: 2F
3-2: Base on Balls
Tom York to third
Scott Graves to second
Batting: RHB William Robinson 0-0: Called Strike
0-1: Foul Ball, location: 2F
0-2: Ball
1-2: Ball
2-2: Foul Ball, location: 2F
2-2: Foul Ball, location: 2F
2-2: Fly out, F9 (Flyball, 9LSF)
Bottom of the 4th over - 0 run(s), 0 hit(s), 0 error(s), 3 left on base; UCLA 0 - Alabama 4
TOP OF THE 5TH
UCLA Bruins batting - Pitching for Alabama Crimson Tide : RHP Claude Cunningham
Batting: LHB Edward Norton 0-0: Ball
1-0: Foul Ball, location: 2F
1-1: Ball
2-1: Swinging Strike
2-2: SINGLE (Line Drive, 9LS)
Batting: RHB Joel Hebert 0-0: Fly out, F9 (Flyball, 89S)
Batting: LHB Manny Kennedy 0-0: Ball
1-0: Ball
2-0: Ball
3-0: Called Strike
3-1: Base on Balls
Edward Norton to second
Batting: RHB John Pineau 0-0: Swinging Strike
0-1: Swinging Strike
0-2: Strikes out looking
Batting: RHB Chad Walter 0-0: Called Strike
0-1: Ball
1-1: Called Strike
1-2: Ball
2-2: Fly out, F9 (Flyball, 89S)
Top of the 5th over - 0 run(s), 1 hit(s), 0 error(s), 2 left on base; UCLA 0 - Alabama 4
BOTTOM OF THE 5TH
Alabama Crimson Tide batting - Pitching for UCLA Bruins : RHP Clifton Davis
Batting: RHB Kyle McIntyre 0-0: Called Strike
0-1: Ball
1-1: Called Strike
1-2: SINGLE (Groundball, 6MD)
Batting: SHB Jorge Dávila 0-0: Called Strike
0-1: Ball
1-1: Foul Ball, location: 2F
1-2: Ball
2-2: Grounds into double play, 4-6-3 (Groundball, 4)
Batting: RHB Stephen Nava 0-0: Foul Ball, location: 2F
0-1: Fly out, F9 (Flyball, 9LM)
Bottom of the 5th over - 0 run(s), 1 hit(s), 0 error(s), 0 left on base; UCLA 0 - Alabama 4
TOP OF THE 6TH
UCLA Bruins batting - Pitching for Alabama Crimson Tide : RHP Claude Cunningham
Batting: LHB Tim Griffith 0-0: Ball
1-0: Foul Ball, location: 2F
1-1: Called Strike
1-2: SINGLE (Line Drive, 4MD)
Batting: RHB Ricardo Murillo 0-0: Called Strike
0-1: Ball
1-1: Ball
2-1: Ball
3-1: Foul Ball, location: 2F
3-2: Strikes out swinging
Tim Griffith is caught stealing 2nd base
Batter strikes out.
Batting: RHB José Soto 0-0: Called Strike
0-1: Ball
1-1: Foul Ball, location: 2F
1-2: Ball
2-2: Foul Ball, location: 2F
2-2: Ball
3-2: Foul Ball, location: 2F
3-2: Base on Balls
Pitching: LHP Dave Hughes
Batting: RHB Kevin Cochrane 0-0: Called Strike
0-1: Swinging Strike
0-2: Ball
1-2: Foul Ball, location: 2F
1-2: Strikes out looking
Top of the 6th over - 0 run(s), 1 hit(s), 0 error(s), 1 left on base; UCLA 0 - Alabama 4
BOTTOM OF THE 6TH
Alabama Crimson Tide batting - Pitching for UCLA Bruins : RHP Clifton Davis
Batting: SHB Rubén Valle 0-0: Called Strike
0-1: Foul Ball, location: 2F
0-2: Ball
1-2: Reached on error, E7 (Flyball, 7LM)
Batting: LHB Tom York 0-0: Ball
1-0: Ball
2-0: Ball
3-0: Called Strike
3-1: Base on Balls
Rubén Valle to second
Batting: LHB Jorge Rivera 0-0: Ball
1-0: Swinging Strike
1-1: Foul Ball, location: 2F
1-2: Ball
2-2: Foul Ball, location: 2F
2-2: Foul Ball, location: 2F
2-2: Hit by Pitch
Rubén Valle to third
Tom York to second
Batting: RHB Scott Graves 0-0: Ball
1-0: Ball
2-0: Ball
3-0: Base on Balls
Rubén Valle scores
Tom York to third
Jorge Rivera to second
Batting: LHB Chris White 0-0: Fielders Choice at 2nd, 4-6 (Groundball, 4M)
Tom York scores
Jorge Rivera to third
Batting: RHB William Robinson 0-0: Ball
1-0: Ball
Chris White steals 2nd base
2-0: Called Strike
2-1: Hit by Pitch
Batting: RHB Kyle McIntyre 0-0: Called Strike
0-1: Grounds into double play, 6-4-3 (Groundball, 6)
Bottom of the 6th over - 2 run(s), 0 hit(s), 1 error(s), 2 left on base; UCLA 0 - Alabama 6
TOP OF THE 7TH
UCLA Bruins batting - Pitching for Alabama Crimson Tide : LHP Dave Hughes
Batting: LHB Edward Norton 0-0: Called Strike
0-1: Fly out, F7 (Flyball, 7)
Batting: RHB Joel Hebert 0-0: Ball
1-0: Ball
2-0: Ball
3-0: Base on Balls
Batting: LHB Manny Kennedy 0-0: Called Strike
0-1: Foul Ball, location: 2F
0-2: Ball
1-2: Ball
2-2: Foul Ball, location: 2F
2-2: DOUBLE (Line Drive, 8RD)
Joel Hebert to third
Batting: RHB John Pineau 0-0: Called Strike
0-1: Foul Ball, location: 2F
0-2: Ball
1-2: Ball
2-2: Ground out 6-3 (Groundball, 6S)
Joel Hebert scores
Manny Kennedy to third
Batting: RHB Chad Walter 0-0: Ball
1-0: Ball
2-0: Swinging Strike
2-1: Fly out, F8 (Flyball, 8RM)
Top of the 7th over - 1 run(s), 1 hit(s), 0 error(s), 1 left on base; UCLA 1 - Alabama 6
BOTTOM OF THE 7TH
Alabama Crimson Tide batting - Pitching for UCLA Bruins : RHP Clifton Davis
Batting: SHB Jorge Dávila 0-0: Ball
1-0: Ball
2-0: SINGLE (Groundball, 6D)
Batting: RHB Stephen Nava 0-0: Called Strike
0-1: Ball
1-1: Called Strike
1-2: Foul Ball, location: 2F
1-2: Foul Ball, location: 2F
1-2: Ball
2-2: Grounds into double play, 6-4-3 (Groundball, 6)
Pitching: LHP Bryan Vaughan
Batting: SHB Rubén Valle 0-0: Foul Ball, location: 2F
0-1: Foul Ball, location: 2F
0-2: Ball
1-2: Ball
2-2: Ball
3-2: Strikes out swinging
Bottom of the 7th over - 0 run(s), 1 hit(s), 0 error(s), 0 left on base; UCLA 1 - Alabama 6
TOP OF THE 8TH
UCLA Bruins batting - Pitching for Alabama Crimson Tide : LHP Dave Hughes
Now at 1B: Tommy Adams
Batting: LHB Tim Griffith 0-0: DOUBLE (Line Drive, 7)
Batting: RHB Ricardo Murillo 0-0: Called Strike
0-1: Ball
1-1: Ball
2-1: Ball
3-1: Called Strike
3-2: Base on Balls
Batting: RHB José Soto 0-0: Foul Ball, location: 2F
0-1: Foul Ball, location: 2F
0-2: Strikes out swinging
Batting: RHB Kevin Cochrane 0-0: Ball
1-0: Ball
2-0: Swinging Strike
2-1: Foul Ball, location: 2F
2-2: Ball
3-2: Strikes out swinging
Ricardo Murillo is caught stealing 2nd base
Batter strikes out.
Top of the 8th over - 0 run(s), 1 hit(s), 0 error(s), 1 left on base; UCLA 1 - Alabama 6
BOTTOM OF THE 8TH
Alabama Crimson Tide batting - Pitching for UCLA Bruins : LHP Bryan Vaughan
Batting: LHB Tom York 0-0: Called Strike
0-1: SINGLE (Flyball, 78S)
Batting: LHB Jorge Rivera 0-0: Ball
1-0: Called Strike
1-1: Called Strike
1-2: Ground out 4-3 (Groundball, 4S)
Tom York to second
Batting: RHB Scott Graves 0-0: Ball
1-0: Ball
2-0: Called Strike
2-1: Ball
3-1: Called Strike
3-2: Base on Balls
Batting: LHB Chris White 0-0: Ball
1-0: Foul Ball, location: 2F
1-1: Called Strike
1-2: Strikes out looking
Pitching: RHP Eugene Johnston
Batting: RHB William Robinson 0-0: Ball
1-0: Called Strike
1-1: Foul Ball, location: 2F
1-2: Ball
2-2: Fly out, F9 (Flyball, 89S)
Bottom of the 8th over - 0 run(s), 1 hit(s), 0 error(s), 2 left on base; UCLA 1 - Alabama 6
TOP OF THE 9TH
UCLA Bruins batting - Pitching for Alabama Crimson Tide : LHP Dave Hughes
Now in RF: Jeffrey Hunter
Batting: LHB Edward Norton 0-0: Foul Ball, location: 2F
0-1: Ball
1-1: Swinging Strike
1-2: Ball
2-2: Fly out, F7 (Flyball, 7)
Batting: RHB Joel Hebert 0-0: Called Strike
0-1: Foul Ball, location: 2F
0-2: Ball
1-2: Fly out, F6 (Popup, 6)
Pitching: RHP Francisco Vargas
Batting: LHB Manny Kennedy 0-0: Ball
1-0: Foul Ball, location: 2F
1-1: Foul Ball, location: 2F
1-2: Ball
2-2: Ball
3-2: Fly out, F7 (Flyball, 7LMF)
Top of the 9th over - 0 run(s), 0 hit(s), 0 error(s), 0 left on base; UCLA 1 - Alabama 6
Thursday, March 30th, 2017 - OOTP Baseball 17.12 Build 75